AoeStats
← Blafro

Scandinavia

510324224Analyzed
1v1 RM · 14h ago on Sep 30, 2026· 43m 22s· 2 players
Game mode
Random Map
Map size
Tiny (2 player)
Population
200
Speed
Normal
Resources
Standard
Victory
Conquest
Starting age
Dark Age
Ending age
Imperial Age
RankedLock teamsTeams togetherTeam positionsShared explorationLock speedFull tech treeHidden civsTurbo modeCheats
Victory
Defeat
🇩🇪 Ethiopians · Germany
1037
+16
🇩🇪 Saracens · Germany
1041
-16
arkero97
6:46 Loom
9:12 Feudal Age
14:44 Horse Collar
18:49 Castle Age
16:55 Double-Bit Axe
17:21 Fletching
18:02 Gold Mining
19:29 Heavy Plow
20:26 Crossbowman
23:57 Wheelbarrow
26:53 Ballistics
26:40 Bodkin Arrow
27:54 Padded Archer Armor
29:07 Bow Saw
29:04 Stone Mining
36:16 Imperial Age
36:54 Gold Shaft Mining
38:08 Chemistry
38:15 Two-Man Saw
37:23 Bracer
37:28 Arbalester
38:46 Leather Archer Armor
40:48 Thumb Ring
41:09 Conscription
Blafro
2:58 Loom
10:27 Feudal Age
10:57 Double-Bit Axe
10:54 Man-at-Arms
13:44 Horse Collar
14:04 Fletching
20:30 Castle Age
19:35 Scale Barding Armor
20:28 Forging
21:56 Bloodlines
22:06 Bow Saw
22:19 Husbandry
22:10 Elite Skirmisher
32:11 Heavy Plow
39:10 Imperial Age
39:18 Imperial Age
38:12 Wheelbarrow
37:57 Gold Mining
38:00 Stone Mining
39:41 Padded Archer Armor
39:36 Bodkin Arrow
40:41 Ballistics
41:21 Chemistry
41:03 Conscription
Connection lost

Rejoining the realm…

Still unreachable

The connection could not be restored.

Session expired

The server has moved on; the page needs a fresh start.